 Dungeon Crawl Stone Soup version 0.31-a0-1002-g8e65716e6e (webtiles) character file.

Game seed: 12354905716454993363

1551 BinkBink the Covered (level 8, 0/52 HPs)
             Began as a Gargoyle Fighter on Nov 10, 2023.
             Slain by Maggie
             ... wielding a +2 war axe of flaming
              (2 damage)
             ... on level 6 of the Dungeon.
             The game lasted 00:05:26 (4924 turns).

BinkBink the Covered (Gargoyle Fighter)             Turns: 4924, Time: 00:05:26

Health: 0/52       AC: 19    Str: 28    XL:     8   Next: 88%
Magic:  8/8        EV:  7    Int:  9    God:
Gold:   273        SH:  5    Dex:  9    Spells: 7/7 levels left

rFire   . . .        a - +0 war axe
rCold   . . .        c - +0 buckler
rNeg    + . .        n - +0 plate armour
rPois   ∞            (no helmet)
rElec   +            i - +0 cloak
rCorr   .            (no gloves)
SInv    .            (no boots)
Will    .....        (no amulet) Stlth
                     v - +6 ring of strength
HPRegen 0.28/turn    (no ring)
MPRegen 0.11/turn

%: no passive effects
@: mighty, mesmerised
A: sickness immunity, AC +5, negative energy resistance 1, electricity
resistance, torment resistance 1, petrification resistance
a: no special abilities


You were on level 6 of the Dungeon.
You visited 1 branch of the dungeon, and saw 6 of its levels.

You collected 273 gold pieces.

Inventory:

Hand Weapons
 a - a +0 war axe (weapon)
Armour
 c - a +0 buckler (worn)
 i - a +0 cloak (worn)
 n - a +0 plate armour (worn)
Jewellery
 o - an amulet of faith
 v - a +6 ring of strength (left hand)
 w - an amulet of magic regeneration
Scrolls
 b - 2 scrolls of amnesia {unknown}
 e - 6 scrolls of identify {unknown}
 j - 5 scrolls of vulnerability {unknown}
 q - a scroll of blinking {unknown}
 t - 2 scrolls of teleportation {unknown}
 x - a scroll of poison {unknown}
 y - a scroll of brand weapon {unknown}
 z - a scroll of enchant weapon {unknown}
 A - a scroll of torment {unknown}
Potions
 d - a potion of might
 f - a potion of ambrosia {unknown}
 g - 2 potions of degeneration {unknown}
 h - 2 potions of mutation {unknown}
 k - 2 potions of resistance {unknown}
 l - a potion of magic {unknown}
 m - 2 potions of brilliance {unknown}
 p - a potion of haste {unknown}
 r - 2 potions of cancellation {unknown}
 s - 2 potions of heal wounds {unknown}
 u - a potion of enlightenment {unknown}
 B - a potion of curing {unknown}


   Skills:
 + Level 6.7 Fighting
 + Level 5.2 Axes
 + Level 6.8 Armour
 + Level 6.7 Shields


You had 7 spell levels left.
You didn't know any spells.
Your spell library contained the following spells:

 Spells                   Type           Power      Damage    Failure   Level
 Apportation              Tloc           0%         N/A       99%         1
 Slow                     Hex            0%         N/A       99%         1
 Jinxbite                 Hex            0%         N/A       100%        2
 Confusing Touch          Hex            0%         N/A       100%        3
 Sigil of Binding         Hex            0%         N/A       100%        3
 Vampiric Draining        Necr           0%         2d6       100%        3
 Alistair's Intoxication  Tmut/Pois      0%         N/A       100%        5


Dungeon Overview and Level Annotations

Branches:
Dungeon (6/15)             Temple (0/1) D:4

Altars:
Cheibriados
Nemelex Xobeh
Xom
Yredelemnul
Zin

Shops:
D:1 !

Annotations:
D:5 3 runed translucent doors, kskgo's ghost, amateur SpBr; tish's ghost, amateur OpEE
D:6 Maggie


Innate Abilities, Weirdness & Mutations

You are immune to sickness and miasma.
Your stone body is resilient. (AC +5)
You are immune to poison.
You resist negative energy. (rN+)
You are resistant to electric shocks. (rElec)
You are resistant to unholy torment.
You are immune to petrification.


Message History

You slash the iguana!
You kill the iguana!
No target in view!
No target in view!
Maggie the Vainglorious comes into view.
She is wielding a +2 war axe of flaming.
Maggie shouts!
Maggie says, "Leave now, and tell all of Margery's mercy!"
Maggie is nearby!
Maggie is nearby!
Found a leather armour.
Maggie gestures wildly while chanting.
Maggie attempts to bespell you! You resist with some effort.
You slash Maggie!
Maggie is lightly wounded.
Maggie gestures at you while chanting. The bolt of fire hits you.
Maggie hits you with a +2 war axe of flaming!
Maggie burns you.
You closely miss Maggie.
Maggie is lightly wounded.
Maggie gestures wildly while chanting.
Maggie attempts to bespell you!
You easily resist.
You hit Maggie.
Maggie is moderately wounded.
Maggie mumbles some strange words.
Maggie attempts to bespell you!
You are mesmerised by Maggie!
You completely miss Maggie.
Maggie is moderately wounded.
Maggie casts a spell.
Maggie draws you further into her thrall.
Maggie hits you with a +2 war axe of flaming!
Maggie burns you.
* * * LOW HITPOINT WARNING * * *
You feel very mighty all of a sudden.
Maggie smiles, but it's obviously fake.
Maggie hits you with a +2 war axe of flaming!
* * * LOW HITPOINT WARNING * * *
Maggie burns you.
You die...

.... ##.#..###
...8####...###
....#.......8#
##.....†..##
#8.......^#
#.........#
....#........#
... ##....####
#.!.@##
#...@.#
#.......#
...........#
.............
..#...#.###...
..###.### ....
.. .[.


You could see Maggie (mesmerising).

Vanquished Creatures
  Sigmund (D:5)
  A water moccasin (D:5)
  2 black bears (D:4)
  An ice beast (D:6)
  A centaur (D:6)
  A scorpion (D:5)
  A bullfrog (D:4)
  3 crimson imps (D:4)
  A jelly (D:4)
  A gnoll bouda (D:6)
  2 hounds (D:4)
  Jessica (D:3)
  Terence (D:2)
  6 iguanas
  2 orc wizards
  12 gnolls
  8 adders
  A shadow imp (D:6)
  5 worms
  7 dart slugs
  9 orcs
  7 ball pythons
  9 bats
  12 endoplasms
  3 giant cockroaches
  10 goblins
  5 hobgoblins
  12 jackals
  5 quokkas
  3 frilled lizards
  7 kobolds
  8 rats
148 creatures vanquished.

Notes
Turn   | Place    | Note
-------+----------+-------------------------------------------
     0 | D:1      | BinkBink the Gargoyle Fighter began the quest for the Orb.
     0 | D:1      | Reached XP level 1. HP: 14/14 MP: 1/1
    57 | D:1      | Reached XP level 2. HP: 11/19 MP: 2/2
    99 | D:1      | Found Risoome's Distillery.
   224 | D:1      | Reached XP level 3. HP: 23/24 MP: 3/3
   353 | D:1      | Found a faded altar of an unknown god.
   498 | D:2      | Noticed Terence
   508 | D:2      | Killed Terence
   523 | D:2      | Reached XP level 4. HP: 22/29 MP: 4/4
   823 | D:2      | Found a glowing silver altar of Zin.
  1142 | D:2      | Reached XP level 5. HP: 33/33 MP: 5/5
  1427 | D:3      | Noticed Jessica
  1437 | D:3      | Killed Jessica
  1669 | D:3      | Reached XP level 6. HP: 37/39 MP: 6/6
  2085 | D:4      | Noticed a black bear
  2090 | D:4      | Killed a black bear
  2360 | D:4      | Reached skill level 5 in Armour
  2376 | D:4      | Noticed a black bear
  2381 | D:4      | Killed a black bear
  2382 | D:4      | Reached skill level 5 in Fighting
  2382 | D:4      | Reached skill level 5 in Shields
  2382 | D:4      | Reached XP level 7. HP: 44/44 MP: 7/7
  2471 | D:4      | Identified the +0 robe of Ru, Winnowing {+Blink Regen+
                  | Dex-5}
  2565 | D:4      | Found a shimmering altar of Xom.
  3000 | D:4      | Found a staircase to the Ecumenical Temple.
  3168 | D:5      | Entered Level 5 of the Dungeon
  3233 | D:5      | Reached XP level 8. HP: 51/51 MP: 8/8
  3369 | D:5      | Noticed Sigmund
  3400 | D:5      | Killed Sigmund
  3594 | D:5      | Found a runed translucent gate.
  3594 | D:5      | Found a runed translucent gate.
  3594 | D:5      | Found a runed translucent gate.
  3595 | D:5      | Noticed tish's ghost (amateur OpEE)
  3596 | D:5      | Noticed kskgo's ghost (amateur SpBr)
  3930 | D:5      | Found a sparkling altar of Nemelex Xobeh.
  3956 | D:5      | Found a snail-covered altar of Cheibriados.
  4097 | D:6      | Reached skill level 5 in Axes
  4306 | D:6      | Found a basalt altar of Yredelemnul.
  4916 | D:6      | Noticed Maggie
  4924 | D:6      | HP: 2/52 [Maggie/+2 war axe of flaming (11)]
  4924 | D:6      | Slain by Maggie

Illustrated notes

Levels and vault maps discovered:
D:1:      tarquinn_simple_flora_water_f, layout_rooms,
          ebering_ecumenical_altar_rust, serial_shops, nicolae_diamond_shop,
          st_stairs_8
D:2:      layout_loops_ring, basic_altar, minmay_joined_circles, uniq_terence
D:3:      layout_basic, serial_bayou, serial_bayou_shore_b, serial_bayou_ford_a,
          serial_bayou_shore_a, serial_bayou_pond_b, uniq_jessica
D:4:      minmay_wonky_spiral, layout_loops_corners, led_xom_imps,
          temple_statues, minmay_misc_feat_five
D:5:      layout_rooms, mainiacjoe_overflow_two_lobes, gammafunk_ghost_cemetery,
          columned_hall_lemuel, hex_large, uniq_sigmund
D:6:      hellmonk_crumbling_castle, layout_gridville,
          yredelemnul_altar_generic, roadster_capsule_ark_zombie, uniq_grinder,
          uniq_eustachio, uniq_maggie

Skill      XL: |  1  2  3  4  5  6  7  8 |
---------------+-------------------------+-----
Axes           | 2 3 4 5 |  5.2
Armour         | 4 5 6 |  6.8
Fighting       | 4 5 6 |  6.7
Shields        | 4 5 6 |  6.7

Action                     |  1- 3 |  4- 6 |  7- 9 || total
---------------------------+-------+-------+-------++-------
  Melee: War axe           |    67 |   216 |   215 ||   498
    Use: Potion            |       |       |     1 ||     1
 Armour: Scale mail        |    63 |    66 |       ||   129
         Plate armour      |       |   157 |   226 ||   383
  Dodge: Dodged            |    30 |   102 |    68 ||   200
  Block: Buckler           |    20 |    53 |    45 ||   118

Table legend: (Time is in decaauts)
 A = Elapsed time spent in this place.
 B = Non-inter-level travel time spent in this place.
 C = Inter-level travel time spent in this place.
 D = Time resting spent in this place.
 E = Time spent auto-exploring this place.
 F = Levels seen in this place.
 G = Mean time per level.
                   A        B        C        D        E       F      G
               +--------+--------+--------+--------+--------+-----+--------+
         Total |   5129 |   4910 |    219 |    239 |   3533 |   6 |  854.8 |
       Dungeon |   5129 |   4910 |    219 |    239 |   3533 |   6 |  854.8 |
               +--------+--------+--------+--------+--------+-----+--------+

Top non-repeatable levels by time:
     D:5: 1386 daAuts
     D:4: 1123 daAuts
     D:2: 964 daAuts
     D:3: 721 daAuts
     D:1: 521 daAuts
     D:6: 411 daAuts
